AoeStats
← Big Matthew

Arena

506289598Analyzed
1v1 RM · 18d ago on Sep 13, 2026· 38m 42s· 2 players
Game mode
Random Map
Map size
Tiny (2 player)
Population
200
Speed
Normal
Resources
Standard
Victory
Conquest
Starting age
Dark Age
Ending age
Imperial Age
RankedLock teamsTeams togetherTeam positionsShared explorationLock speedFull tech treeHidden civsTurbo modeCheats
Victory
Defeat
🇺🇸 Cumans · United States
561
+15
🇺🇸 Goths · United States
536
-15
Big Matthew
10:33 Feudal Age
14:26 Loom
18:39 Castle Age
16:21 Man-at-Arms
18:56 Stone Mining
19:45 Double-Bit Axe
19:54 Horse Collar
21:13 Heavy Plow
22:28 Town Watch
24:17 Wheelbarrow
24:24 Fervor
24:46 Long Swordsman
25:54 Gold Mining
27:21 Husbandry
27:40 Pikeman
28:33 Masonry
29:14 Scale Mail Armor
31:12 Anarchy
33:48 Squires
34:01 Forging
34:06 Chain Mail Armor
37:29 Imperial Age
35:59 Iron Casting
38:31 Perfusion
38:53 Conscription
TomBot019
10:05 Feudal Age
11:17 Double-Bit Axe
11:15 Horse Collar
19:50 Castle Age
17:50 Loom
18:44 Wheelbarrow
19:02 Stone Mining
19:18 Fletching
21:06 Hand Cart
21:05 Bow Saw
22:15 Heavy Plow
24:33 Gold Mining
25:09 Bloodlines
25:06 Scale Barding Armor
26:07 Capped Ram
29:31 Imperial Age
27:15 Forging
29:39 Siege Ram
31:37 Conscription
32:28 Ballistics
33:08 Chemistry
32:28 Elite Skirmisher
33:14 Thumb Ring
33:40 Parthian Tactics
34:46 Two-Man Saw
33:20 Elite Steppe Lancer
35:07 Gold Shaft Mining
35:17 Bodkin Arrow
35:23 Padded Archer Armor
35:44 Chain Barding Armor
36:00 Iron Casting
36:57 Masonry
36:54 Elite Kipchak
Connection lost

Rejoining the realm…

Still unreachable

The connection could not be restored.

Session expired

The server has moved on; the page needs a fresh start.